 Dungeon Crawl Stone Soup version 0.29.0-4-gdea44cf6ec (webtiles) character file.

Game seed: 13033164703557024848

9111 qw the Cleaver (level 11, -4/71 HPs)
             Began as a Gargoyle Fighter on Sept 6, 2022.
             Slain by a six-headed hydra (5 damage)
             ... on level 9 of the Dungeon.
             The game lasted 00:04:26 (10948 turns).

qw the Cleaver (Gargoyle Fighter)                  Turns: 10948, Time: 00:04:26

Health: -4/71      AC: 24    Str: 28    XL:     11   Next: 41%
Magic:  11/11      EV:  8    Int:  9    God:
Gold:   356        SH:  5    Dex: 12    Spells: 10/10 levels left

rFire   . . .      SeeInvis .   q - +3 morningstar (flame)
rCold   . . .      Faith    .   c - +0 buckler
rNeg    + . .      Spirit   .   j - +0 plate armour
rPois   inf        Reflect  .   i - -2 hat "Taave" {+Blink rCorr Str+4 Dex+3}
rElec   +          Harm     .   r - +0 cloak
rCorr   +          Rampage  .   t - +1 pair of gloves
Will    +....                   b - +0 pair of boots
Stlth   ..........              (no amulet)
HPRegen 0.21/turn               g - ring of willpower
MPRegen 0.12/turn               (no ring)

@: no status effects
A: sickness immunity, AC +8, negative energy resistance 1, electricity
resistance, torment resistance 1, petrification resistance
a: Evoke Blink


You were on level 9 of the Dungeon.
You visited 2 branches of the dungeon, and saw 10 of its levels.

You collected 785 gold pieces.
You spent 429 gold pieces at shops.


Innate Abilities, Weirdness & Mutations

You are immune to sickness and miasma.
Your stone body is resilient. (AC +8)
You are immune to poison.
You resist negative energy. (rN+)
You are resistant to electric shocks. (rElec)
You are resistant to unholy torment.
You are immune to petrification.


   Skills:
 - Level 9.1 Fighting
 + Level 11.4 Axes
 - Level 3.0 Throwing
 - Level 8.0 Armour
 - Level 4.3 Dodging
 - Level 5.1 Shields


You had 10 spell levels left.
You didn't know any spells.
Your spell library was empty.

Inventory:

Hand Weapons
 q - a +3 morningstar of flaming (weapon)
 u - a +3 war axe
Armour
 b - a +0 pair of boots (worn)
 c - a +0 buckler (worn)
 i - the -2 hat "Taave" (worn) {+Blink rCorr Str+4 Dex+3}
   (You acquired it on level 6 of the Dungeon)

   Str:       It affects your strength (+4).
   Dex:       It affects your dexterity (+3).
   +Blink:    It lets you blink.
   rCorr:     It protects you from acid and corrosion.
 j - a +0 plate armour (worn)
 k - a +0 helmet
 r - a +0 cloak (worn)
 t - a +1 pair of gloves (worn)
Jewellery
 g - a ring of willpower (left hand)
Scrolls
 a - 2 scrolls of blinking
 l - 6 scrolls of identify
Potions
 d - 2 potions of might
 e - 9 potions of curing
 f - a potion of haste
 h - 3 potions of lignification
 m - a potion of mutation
 o - 2 potions of attraction

Dungeon Overview and Level Annotations

Branches:
Dungeon (9/15)             Temple (1/1) D:6
   Lair: D:8-11         Orc: D:9-12

Altars:
Ashenzari
Cheibriados
Dithmenos
Elyvilon
Fedhas
Hepliaklqana
Kikubaaqudgha
Makhleb
Nemelex Xobeh
Qazlal
Ru
Sif Muna
Trog
Uskayaw
Vehumet
Wu Jian
Xom
Yredelemnul
Zin
The Shining One

Shops:
D:7 =*[:[*!

Annotations:
D:4 1 runed translucent door, Crazy Yiuf
D:7 3 runed translucent doors, qw's ghost, novice FoCA


Message History

The boulder beetle is lightly wounded.
The boulder beetle bites you! The manticore barely misses you.
The manticore claws you! The manticore claws you.
The manticore bites you but does no damage.
The manticore claws you but does no damage. x2
The boulder beetle bites you!
You bludgeon the manticore!! You burn the manticore.
The manticore is heavily wounded.
The boulder beetle bites you.
A shadow comes into view.
The manticore bites you! The manticore barely misses you.
The manticore claws you but does no damage.
You sock the manticore! You burn the manticore.
The manticore is almost dead.
A boulder beetle comes into view.
The boulder beetle closely misses you. The manticore bites you.
The manticore claws you but does no damage.
The manticore closely misses you.
You sock the manticore! You burn the manticore.
You kill the manticore!
You block the six-headed hydra's attack.
The six-headed hydra bites you! The six-headed hydra barely misses you.
The six-headed hydra bites you but does no damage. x3
The boulder beetle leaps!
The boulder beetle closely misses you.
Your Fighting skill increases to level 9!
You hit the boulder beetle but do no damage.
You block the six-headed hydra's attack.
The six-headed hydra bites you.
The six-headed hydra bites you but does no damage.
You block the six-headed hydra's attack.
The six-headed hydra bites you but does no damage.
The six-headed hydra bites you!
The boulder beetle curls into a ball and begins rolling!
The boulder beetle bites you but does no damage.
You hit the boulder beetle. You burn the boulder beetle.
The boulder beetle is lightly wounded.
The six-headed hydra bites you but does no damage. x3
You block the six-headed hydra's attack.
The six-headed hydra bites you.
You die...

#.####.## #############
'.......# #............
#.B.....# #............
#.....#######.......)..
#.....#1#_..........)[.
#.....#######......^...
.#.......# #..........).
.'....%..###.....>......
#.W..B@.()...........).
#....D........)......:.
#.#.###################
#.#.# # #.# ..# ###


You could see 2 boulder beetles, a six-headed hydra and a shadow.

Vanquished Creatures
  2 two-headed ogres
  Pikel (D:7)
  A salamander (shapeshifter) (D:9)
  A manticore (D:9)
  A freezing wraith (D:9)
  A troll (D:9)
  2 hornets
  Sigmund (D:2)
  2 wyverns
  6 yaks (D:8)
  A steam dragon (D:7)
  An acid dragon (D:9)
  Duvessa (D:5)
  2 black bears
  2 sky beasts
  3 orc warriors
  2 ice beasts
  4 ogres
  3 centaurs
  A lemure (D:7)
  A kobold brigand (D:9)
  2 gnoll sergeants
  7 bullfrogs
  3 scorpions
  4 necrophages
  7 wights
  Dowan (D:5)
  6 killer bees (D:9)
  2 howler monkeys
  2 jellies
  3 hounds
  4 orc priests
  2 gnoll boudas (D:6)
  4 iguanas
  Natasha (D:2)
  10 orc wizards
  7 gnolls
  12 adders
  5 white imps
  6 worms
  3 dart slugs
  29 orcs
  4 bats
  4 endoplasms
  2 giant cockroaches (D:3)
  3 goblins
  5 hobgoblins
  5 jackals (D:4)
  9 kobolds
  2 quokkas
  12 ball pythons
  A frilled lizard (D:3)
  4 rats
210 creatures vanquished.

Vanquished Creatures (others)
  An acid dragon (D:9)
  An orc wizard (D:9)
  A fungus (D:4)
  10 plants (D:3)
13 creatures vanquished.

Grand Total: 223 creatures vanquished

Notes
Turn   | Place    | Note
-------+----------+-------------------------------------------
     0 | D:1      | qw the Gargoyle Fighter began the quest for the Orb.
     0 | D:1      | Reached XP level 1. HP: 14/14 MP: 1/1
     0 | D:1      | 0 ||| qw: Version: 0.1-a-107-g9ff403c
     0 | D:1      | 0 ||| qw: Game counter: 6102
     0 | D:1      | 0 ||| qw: Always use a shield: true
     0 | D:1      | 0 ||| qw: God list: Okawaru
     0 | D:1      | 0 ||| qw: Allow faded altars: false
     0 | D:1      | 0 ||| qw: Do Orc after D:15 true
     0 | D:1      | 0 ||| qw: Do second Lair branch before Depths: true
     0 | D:1      | 0 ||| qw: Lair rune preference: random
     0 | D:1      | 0 ||| qw: Plans: Normal, Zot, God:TSO, Crypt, Tomb, Zig,
                  | Orb
     0 | D:1      | 0 ||| PLANNING D:1-11
   165 | D:1      | Reached skill level 2 in Axes
   437 | D:1      | Reached XP level 2. HP: 19/19 MP: 2/2
   626 | D:1      | Found a faded altar of an unknown god.
   827 | D:1      | 827 ||| UPGRADING to +0 plate armour.
   837 | D:1      | 837 ||| DROPPING +0 scale mail.
   838 | D:1      | 838 ||| READING 3 scrolls labelled ADIELEWNOGG.
   839 | D:1      | 839 ||| READING scroll labelled BUTZUOMIGU.
   844 | D:1      | 844 ||| READING scroll labelled LIOSHY GE SILLAEM.
   845 | D:1      | 845 ||| READING scroll labelled HEPNYE LIPS.
   846 | D:1      | 846 ||| DRINKING 3 sedimented ruby potions.
   920 | D:2      | Reached skill level 3 in Axes
   920 | D:2      | Reached XP level 3. HP: 21/23 MP: 3/3
   948 | D:2      | 948 ||| Stepping ~*~*~tactically~*~*~ (stealth).
   950 | D:2      | 950 ||| Stepping ~*~*~tactically~*~*~ (stealth).
  1104 | D:2      | Noticed Sigmund
  1105 | D:2      | 1105 ||| Stepping ~*~*~tactically~*~*~ (hiding).
  1111 | D:2      | HP: 3/23 [Sigmund/+0 scythe (9)]
  1112 | D:2      | 1112 ||| READING scroll of teleportation.
  1113 | D:2      | 1113 ||| DRINKING 3 potions of curing.
  1113 | D:2      | 1113 ||| (to cure confusion)
  1187 | D:2      | Killed Sigmund
  1188 | D:2      | Reached skill level 5 in Axes
  1188 | D:2      | Reached XP level 4. HP: 16/28 MP: 4/4
  1188 | D:2      | Reached XP level 5. HP: 18/32 MP: 5/5
  1433 | D:2      | Noticed Natasha
  1438 | D:2      | Killed Natasha
  1439 | D:2      | Reached XP level 6. HP: 35/38 MP: 6/6
  1632 | D:2      | 1632 ||| UPGRADING to +0 pair of boots.
  1637 | D:2      | 1637 ||| UPGRADING to ring of willpower.
  1638 | D:2      | 1638 ||| READING scroll labelled LOSEDWELUAXT.
  1739 | D:2      | 1739 ||| READING scroll labelled KUWOPONYDE.
  1740 | D:2      | 1740 ||| READING scroll labelled XOKATH COYTE.
  1741 | D:2      | 1741 ||| READING scroll labelled EHOVURHOS NAOF.
  1742 | D:2      | 1742 ||| READING scroll labelled NOAHIXTEIGU.
  1743 | D:2      | 1743 ||| DRINKING 2 fuming grey potions.
  1744 | D:2      | 1744 ||| DRINKING 2 emerald potions.
  1860 | D:3      | 1860 ||| Stepping ~*~*~tactically~*~*~ (hiding).
  1861 | D:3      | 1861 ||| Stepping ~*~*~tactically~*~*~ (hiding).
  1935 | D:3      | 1935 ||| Stepping ~*~*~tactically~*~*~ (hiding).
  1936 | D:3      | 1936 ||| Stepping ~*~*~tactically~*~*~ (hiding).
  2064 | D:3      | 2064 ||| Stepping ~*~*~tactically~*~*~ (hiding).
  2282 | D:3      | Found a shadowy altar of Dithmenos.
  2386 | D:3      | Found a blossoming altar of Fedhas.
  2548 | D:3      | 2548 ||| Stepping ~*~*~tactically~*~*~ (stealth).
  2553 | D:3      | 2553 ||| Stepping ~*~*~tactically~*~*~ (stealth).
  3037 | D:3      | 3037 ||| READING scroll labelled URHINO ZUDD.
  3038 | D:3      | 3038 ||| READING scroll labelled JUFEPN OFA SUU.
  3039 | D:3      | 3039 ||| READING scroll labelled MOERUSKE RYPO.
  3117 | D:4      | 3117 ||| Stepping ~*~*~tactically~*~*~ (stealth).
  3120 | D:4      | 3120 ||| Stepping ~*~*~tactically~*~*~ (stealth).
  3122 | D:4      | 3122 ||| Stepping ~*~*~tactically~*~*~ (hiding).
  3153 | D:4      | 3153 ||| DROPPING +0 whip.
  3196 | D:4      | Reached skill level 6 in Axes
  3254 | D:4      | Reached XP level 7. HP: 43/43 MP: 7/7
  3278 | D:4      | 3278 ||| Stepping ~*~*~tactically~*~*~ (stealth).
  3326 | D:4      | 3326 ||| Stepping ~*~*~tactically~*~*~ (stealth).
  3400 | D:4      | 3400 ||| FLEEEEING.
  3540 | D:4      | 3540 ||| DROPPING +1 vorpal flail.
  3726 | D:4      | 3726 ||| Stepping ~*~*~tactically~*~*~ (stealth).
  3734 | D:4      | 3734 ||| Stepping ~*~*~tactically~*~*~ (stealth).
  3740 | D:4      | 3740 ||| Stepping ~*~*~tactically~*~*~ (stealth).
  4095 | D:4      | Found a runed translucent door.
  4096 | D:4      | Noticed Crazy Yiuf
  4197 | D:4      | 4197 ||| READING 2 scrolls of identify.
  4197 | D:4      | 4197 ||| IDENTIFYING silvery potion
  4198 | D:4      | 4198 ||| DROPPING potion of magic.
  4212 | D:5      | Entered Level 5 of the Dungeon
  4213 | D:5      | 4213 ||| PLANNING OSSUARY
  4224 | D:5      | Reached skill level 7 in Axes
  4224 | D:5      | 4224 ||| STAIRDANCE
  4441 | D:5      | Reached XP level 8. HP: 28/50 MP: 8/8
  4622 | D:5      | 4622 ||| Stepping ~*~*~tactically~*~*~ (hiding).
  4630 | D:5      | Reached skill level 1 in Dodging
  4834 | D:5      | 4834 ||| RIP OSSUARY
  4844 | D:5      | 4844 ||| PLANNING D:1-11
  5590 | D:5      | Noticed Duvessa
  5590 | D:5      | Noticed Dowan
  5591 | D:5      | 5591 ||| Stepping ~*~*~tactically~*~*~ (hiding).
  5597 | D:5      | Killed Duvessa
  5598 | D:5      | Reached skill level 8 in Axes
  5600 | D:5      | Killed Dowan
  5707 | D:5      | 5707 ||| Stepping ~*~*~tactically~*~*~ (stealth).
  5709 | D:5      | 5709 ||| Stepping ~*~*~tactically~*~*~ (hiding).
  5844 | D:5      | Found a glowing silver altar of Zin.
  5848 | D:5      | 5848 ||| UPGRADING to +0 cloak.
  5853 | D:5      | 5853 ||| READING scroll labelled CIEVUQ VABUZE.
  5854 | D:5      | 5854 ||| READING 3 scrolls of identify.
  5854 | D:5      | 5854 ||| IDENTIFYING bubbling coppery potion
  5855 | D:5      | 5855 ||| READING 2 scrolls of identify.
  5855 | D:5      | 5855 ||| IDENTIFYING purple potion
  5856 | D:5      | 5856 ||| DROPPING potion of flight.
  5857 | D:5      | 5857 ||| DROPPING potion of degeneration.
  5885 | D:6      | Found a hide-covered altar of Uskayaw.
  6224 | D:6      | Reached skill level 6 in Fighting
  6341 | D:6      | Found a staircase to the Ecumenical Temple.
  6342 | D:6      | 6342 ||| PLANNING TEMPLE
  6342 | D:6      | 6342 ||| DROPPING amulet of faith.
  6343 | D:6      | 6343 ||| READING 2 scrolls of identify.
  6343 | D:6      | 6343 ||| IDENTIFYING metallic red potion
  6344 | D:6      | 6344 ||| DROPPING potion of brilliance.
  6350 | Temple   | Entered the Ecumenical Temple
  6407 | Temple   | 6407 ||| PLANNING D:1-11
  6521 | D:6      | Reached XP level 9. HP: 31/56 MP: 9/9
  6694 | D:6      | 6694 ||| Stepping ~*~*~tactically~*~*~ (hiding).
  6706 | D:6      | 6706 ||| Stepping ~*~*~tactically~*~*~ (stealth).
  6707 | D:6      | 6707 ||| Stepping ~*~*~tactically~*~*~ (stealth).
  6774 | D:6      | 6774 ||| Stepping ~*~*~tactically~*~*~ (stealth).
  6837 | D:6      | 6837 ||| Stepping ~*~*~tactically~*~*~ (hiding).
  7084 | D:6      | 7084 ||| READING scroll labelled PUKHLI MOCSUBUE.
  7084 | D:6      | Identified a scroll of acquirement
  7084 | D:6      | 7084 ||| ACQUIRING -2 hat "Taave" {+Blink rCorr Str+4
                  | Dex+3}
  7084 | D:6      | Acquired the -2 hat "Taave" {+Blink rCorr Str+4 Dex+3}
  7086 | D:6      | 7086 ||| UPGRADING to -2 hat "Taave" {+Blink rCorr Str+4
                  | Dex+3}.
  7091 | D:6      | 7091 ||| READING 2 scrolls of identify.
  7091 | D:6      | 7091 ||| IDENTIFYING fizzy grey potion
  7092 | D:6      | 7092 ||| DROPPING potion of berserk rage.
  7149 | D:7      | Found Awikhum's Armour Shoppe.
  7150 | D:7      | 7150 ||| STAIRDANCE
  7155 | D:6      | Reached skill level 9 in Axes
  7166 | D:7      | 7166 ||| STAIRDANCE
  7183 | D:7      | 7183 ||| BUYING +0 helmet (63 gold).
  7183 | D:7      | Bought a +0 helmet for 63 gold pieces
  7186 | D:7      | Found Faudgh's Assorted Antiques.
  7195 | D:7      | 7195 ||| BUYING murky sapphire potion (21 gold).
  7195 | D:7      | Bought a murky sapphire potion for 21 gold pieces
  7195 | D:7      | 7195 ||| BUYING potion of lignification (72 gold).
  7195 | D:7      | Bought a potion of lignification for 72 gold pieces
  7195 | D:7      | 7195 ||| BUYING scroll of identify (48 gold).
  7195 | D:7      | Bought a scroll of identify for 48 gold pieces
  7260 | D:7      | Found Heer's Distillery.
  7269 | D:7      | 7269 ||| BUYING 2 potions of curing (90 gold).
  7269 | D:7      | Bought 2 potions of curing for 90 gold pieces
  7269 | D:7      | 7269 ||| BUYING potion of attraction (45 gold).
  7269 | D:7      | Bought a potion of attraction for 45 gold pieces
  7269 | D:7      | 7269 ||| BUYING potion of curing (45 gold).
  7269 | D:7      | Bought a potion of curing for 45 gold pieces
  7269 | D:7      | 7269 ||| SHOPLISTING potion of haste (150 gold, have 48).
  7269 | D:7      | 7269 ||| BUYING potion of lignification (45 gold).
  7269 | D:7      | Bought a potion of lignification for 45 gold pieces
  7269 | D:7      | 7269 ||| SHOPLISTING potion of lignification (45 gold, have
                  | 3).
  7269 | D:7      | 7269 ||| SHOPLISTING potion of might (60 gold, have 3).
  7299 | D:7      | 7299 ||| Stepping ~*~*~tactically~*~*~ (hiding).
  7326 | D:7      | 7326 ||| FLEEEEING.
  7327 | D:7      | 7327 ||| FLEEEEING.
  7330 | D:7      | 7330 ||| FLEEEEING.
  7331 | D:7      | 7331 ||| FLEEEEING.
  7332 | D:7      | 7332 ||| FLEEEEING.
  7333 | D:7      | 7333 ||| FLEEEEING.
  7334 | D:7      | 7334 ||| FLEEEEING.
  7335 | D:7      | 7335 ||| FLEEEEING.
  7336 | D:7      | 7336 ||| STAIRDANCE
  7371 | D:6      | 7371 ||| READING 3 scrolls of identify.
  7371 | D:6      | 7371 ||| IDENTIFYING murky sapphire potion
  7403 | D:7      | 7403 ||| Stepping ~*~*~tactically~*~*~ (stealth).
  7515 | D:7      | 7515 ||| Stepping ~*~*~tactically~*~*~ (stealth).
  7516 | D:7      | 7516 ||| Stepping ~*~*~tactically~*~*~ (stealth).
  7519 | D:7      | 7519 ||| Stepping ~*~*~tactically~*~*~ (hiding).
  7522 | D:7      | 7522 ||| Stepping ~*~*~tactically~*~*~ (hiding).
  7530 | D:7      | 7530 ||| Stepping ~*~*~tactically~*~*~ (stealth).
  7535 | D:7      | Reached skill level 6 in Armour
  7626 | D:7      | 7626 ||| Stepping ~*~*~tactically~*~*~ (stealth).
  7629 | D:7      | Noticed Pikel
  7630 | D:7      | 7630 ||| Stepping ~*~*~tactically~*~*~ (stealth).
  7633 | D:7      | 7633 ||| Stepping ~*~*~tactically~*~*~ (stealth).
  7643 | D:7      | Killed Pikel
  7797 | D:7      | Found Ximef's Armour Shop.
  7824 | D:7      | Found Uphim's Jewellery Shop.
  7825 | D:7      | Found Anumeywy's Book Shop.
  7829 | D:7      | 7829 ||| FLEEEEING.
  7830 | D:7      | 7830 ||| FLEEEEING.
  7831 | D:7      | 7831 ||| FLEEEEING.
  7832 | D:7      | 7832 ||| FLEEEEING.
  7833 | D:7      | 7833 ||| FLEEEEING.
  7838 | D:7      | 7838 ||| FLEEEEING.
  7849 | D:7      | 7849 ||| FLEEEEING.
  7858 | D:7      | 7858 ||| FLEEEEING.
  7859 | D:7      | 7859 ||| FLEEEEING.
  7860 | D:7      | 7860 ||| FLEEEEING.
  7861 | D:7      | 7861 ||| FLEEEEING.
  7862 | D:7      | 7862 ||| FLEEEEING.
  7863 | D:7      | 7863 ||| FLEEEEING.
  7864 | D:7      | 7864 ||| FLEEEEING.
  7865 | D:7      | 7865 ||| FLEEEEING.
  7867 | D:7      | 7867 ||| Stepping ~*~*~tactically~*~*~ (hiding).
  7868 | D:7      | 7868 ||| Stepping ~*~*~tactically~*~*~ (hiding).
  7869 | D:7      | 7869 ||| Stepping ~*~*~tactically~*~*~ (hiding).
  7870 | D:7      | 7870 ||| Stepping ~*~*~tactically~*~*~ (hiding).
  7871 | D:7      | 7871 ||| Stepping ~*~*~tactically~*~*~ (hiding).
  7872 | D:7      | 7872 ||| Stepping ~*~*~tactically~*~*~ (hiding).
  7932 | D:7      | Found Ziligij's General Store.
  7941 | D:7      | 7941 ||| SHOPLISTING +1 plate armour of poison resistance
                  | (416 gold, have 16).
  7941 | D:7      | 7941 ||| SHOPLISTING +8 morningstar of Qazlal's Whim
                  | {antimagic, rC- rN+++ Str-3 Dex+5} (1003 gold, have 16).
  7941 | D:7      | 7941 ||| SHOPLISTING scroll of blinking (97 gold, have 16).
  7941 | D:7      | 7941 ||| SHOPLISTING scroll of identify (26 gold, have 16).
  7944 | D:7      | 7944 ||| SHOPLISTING amulet of the acrobat (360 gold, have
                  | 16).
  7944 | D:7      | 7944 ||| SHOPLISTING ring of protection from fire (300
                  | gold, have 16).
  7944 | D:7      | 7944 ||| SHOPLISTING ring of resist corrosion (240 gold,
                  | have 16).
  7944 | D:7      | 7944 ||| SHOPLISTING ring of willpower (300 gold, have 16).
  8071 | D:7      | Found a runed translucent gate.
  8071 | D:7      | Found a runed translucent gate.
  8072 | D:7      | Found a runed translucent gate.
  8074 | D:7      | Noticed qw's ghost (novice FoCA)
  8108 | D:7      | Noticed a hornet
  8108 | D:7      | Noticed a two-headed ogre
  8114 | D:7      | Reached skill level 1 in Throwing
  8119 | D:7      | Killed a two-headed ogre
  8120 | D:7      | Reached XP level 10. HP: 41/64 MP: 10/10
  8146 | D:7      | HP: 12/64 [gnoll sergeant/+0 vorpal trident (7)]
  8147 | D:7      | 8147 ||| READING 2 scrolls of teleportation.
  8148 | D:7      | 8148 ||| DRINKING potion of heal wounds.
  8170 | D:7      | 8170 ||| Stepping ~*~*~tactically~*~*~ (stealth).
  8257 | D:7      | 8257 ||| FLEEEEING.
  8300 | D:7      | 8300 ||| Stepping ~*~*~tactically~*~*~ (stealth).
  8303 | D:7      | 8303 ||| Stepping ~*~*~tactically~*~*~ (hiding).
  8323 | D:7      | Reached skill level 10 in Axes
  8599 | D:7      | 8599 ||| Stepping ~*~*~tactically~*~*~ (hiding).
  8714 | D:7      | 8714 ||| UPGRADING to +0 pair of gloves.
  8719 | D:7      | 8719 ||| READING scroll labelled FASUAKAODA.
  8720 | D:7      | 8720 ||| READING 2 scrolls of identify.
  8720 | D:7      | 8720 ||| IDENTIFYING clear potion
  8721 | D:7      | 8721 ||| DROPPING potion of ambrosia.
  8852 | D:8      | 8852 ||| READING scroll of enchant armour.
  8852 | D:8      | 8852 ||| ENCHANTING +0 pair of gloves.
  9036 | D:8      | Found a broken altar of Ashenzari.
  9111 | D:8      | 9111 ||| READING scroll of enchant weapon.
  9111 | D:8      | 9111 ||| ENCHANTING +1 war axe of venom.
  9130 | D:8      | 9130 ||| Stepping ~*~*~tactically~*~*~ (stealth).
  9365 | D:8      | 9365 ||| DROPPING amulet of magic regeneration.
  9366 | D:8      | 9366 ||| READING 5 scrolls of identify.
  9366 | D:8      | 9366 ||| IDENTIFYING bubbling purple potion
  9381 | D:9      | 9381 ||| STAIRDANCE
  9408 | D:9      | 9408 ||| STAIRDANCE
  9537 | D:9      | 9537 ||| STAIRDANCE
  9636 | D:9      | Found a burning altar of Makhleb.
  9636 | D:9      | Noticed an Executioner
  9644 | D:9      | Noticed a two-headed ogre
  9652 | D:9      | Killed a two-headed ogre
  9653 | D:9      | Reached skill level 11 in Axes
  9653 | D:9      | Reached XP level 11. HP: 41/68 MP: 11/11
 10071 | D:9      | 10071 ||| Stepping ~*~*~tactically~*~*~ (hiding).
 10079 | D:9      | 10079 ||| Stepping ~*~*~tactically~*~*~ (stealth).
 10079 | D:9      | Noticed a cyan ugly thing
 10082 | D:9      | Noticed a salamander
 10082 | D:9      | a cane toad changed into a salamander
 10083 | D:9      | Noticed a green ugly thing
 10085 | D:9      | Noticed a manticore
 10090 | D:9      | Noticed a deep elf pyromancer
 10093 | D:9      | Noticed a six-headed hydra
 10093 | D:9      | Identified the +0 leather armour "Cajaeclo" {rC+ Int+8}
 10098 | D:9      | Noticed a boulder beetle
 10106 | D:9      | Killed a salamander
 10109 | D:9      | 10109 ||| SWAPPING to +0 morningstar.
 10110 | D:9      | 10110 ||| Stepping ~*~*~tactically~*~*~ (outnumbered).
 10111 | D:9      | 10111 ||| Stepping ~*~*~tactically~*~*~ (hiding).
 10112 | D:9      | 10112 ||| SWAPPING to +2 war axe of venom.
 10114 | D:9      | 10114 ||| SWAPPING to +0 morningstar.
 10115 | D:9      | 10115 ||| Stepping ~*~*~tactically~*~*~ (outnumbered).
 10116 | D:9      | HP: 12/68 [cyan ugly thing (7)]
 10117 | D:9      | 10117 ||| READING scroll of teleportation.
 10118 | D:9      | 10118 ||| DRINKING potion of heal wounds.
 10119 | D:9      | 10119 ||| SWAPPING to +2 war axe of venom.
 10200 | D:9      | Reached skill level 3 in Throwing
 10435 | D:9      | 10435 ||| FLEEEEING.
 10438 | D:9      | 10438 ||| STAIRDANCE
 10504 | D:9      | 10504 ||| DROPPING +0 morningstar.
 10510 | D:9      | 10510 ||| READING scroll of brand weapon.
 10510 | D:9      | 10510 ||| BRANDING +2 war axe of venom.
 10511 | D:9      | 10511 ||| SWAPPING to +3 war axe.
 10512 | D:9      | 10512 ||| DROPPING +2 vorpal war axe.
 10593 | D:9      | 10593 ||| FLEEEEING.
 10671 | D:9      | HP: 10/69 [boulder beetle (11)]
 10672 | D:9      | 10672 ||| READING scroll of teleportation.
 10673 | D:9      | 10673 ||| DRINKING potion of heal wounds.
 10942 | D:9      | 10942 ||| SWAPPING to +3 morningstar of flaming.
 10945 | D:9      | Noticed a boulder beetle
 10946 | D:9      | Killed a manticore
 10946 | D:9      | HP: 10/69 [six-headed hydra (8)]
 10947 | D:9      | Reached skill level 9 in Fighting
 10947 | D:9      | HP: 1/71 [six-headed hydra (7)]
 10948 | D:9      | Slain by a six-headed hydra

Levels and vault maps discovered:
D:1:      lemuel_arrival_muddy, layout_loops_ring,
          nicolae_ecumenical_snake_handling
D:2:      layout_basic, uniq_sigmund, uniq_natasha
D:3:      wad_lake_hut, layout_basic, marbit_many_paths, general_overflow_altar,
          minivault_14
D:4:      minmay_general_purpose_star, layout_basic,
          wad_floor_pattern_untrapped, hex_intersection, uniq_crazy_yiuf_cottage
D:5:      layout_basic, zin_scriptorium, nicolae_ossuary_entry_monument,
          uniq_duvessa
D:6:      layout_loops_corners, mainiacjoe_overflow_concentric_impassable,
          minmay_temple_entry_wispy
D:7:      layout_rooms, serial_shops, nicolae_stop_n_shop_2,
          nicolae_stop_n_shop_2, nicolae_stop_n_shop_1,
          gammafunk_ghost_necromancy, chequers_serial_rivers_small_b,
          minmay_shop_grid_forest, minmay_joined_circles, uniq_pikel
D:8:      layout_gridville, mainiacjoe_overflow_tiny_flanked
D:9:      minmay_the_grid_square_5x5_4x4 [minmay_the_grid_square_5x5_checkered,
          minmay_the_grid_square_5x5_v, minmay_the_grid_square_5x5_trominoes,
          minmay_the_grid_square_5x5_spiral,
          minmay_the_grid_square_5x5_misaligned,
          minmay_the_grid_square_5x5_prize_waves,
          minmay_the_grid_square_5x5_prize_rear_guard,
          minmay_the_grid_square_5x5_tie, minmay_the_grid_square_5x5_inner_v,
          minmay_the_grid_square_5x5_prize_gold,
          minmay_the_grid_square_5x5_prize_deathbox,
          minmay_the_grid_square_5x5_gyroscope, minmay_the_grid_square_5x5_bite,
          minmay_the_grid_square_5x5_inner_i, minmay_the_grid_square_5x5_z,
          minmay_the_grid_square_5x5_dogpile], layout_cross,
          grunt_gozag_statues, makhleb_altar_promises_db,
          mainiacjoe_overflow_paths, orc_0_dummy, serial_shops,
          nicolae_square_shop
Temple:   eino_temple_lava

Skill      XL: |  1  2  3  4  5  6  7  8  9 10 11 |
---------------+----------------------------------+-----
Axes           | 2 3 5 6 7 8 9 11 | 11.4
Fighting       | 4 5 6 8 9 |  9.1
Armour         | 4 5 6 7 8 |  8.0
Dodging        | 1 4 |  4.3
Shields        | 4 5 |  5.1
Throwing       | 1 3 |  3.0

Action                   |  1- 3 |  4- 6 |  7- 9 | 10-12 || total
-------------------------+-------+-------+-------+-------++-------
Melee: War axe           |    62 |   129 |   277 |   230 ||   698
       Morningstar       |       |       |       |     7 ||     7
Throw: Boomerang         |       |       |       |    41 ||    41
       Javelin           |       |       |       |     4 ||     4
  Use: Scroll            |     5 |     8 |     8 |     9 ||    30
       Potion            |     2 |     2 |       |     3 ||     7
Armor: Scale mail        |    15 |       |       |       ||    15
       Plate armour      |    18 |    66 |   170 |   180 ||   434
Dodge: Dodged            |    15 |    29 |    60 |    90 ||   194
Block: Buckler           |     8 |    26 |    40 |    72 ||   146

Table legend:
 A = Non-vault XP
 B = Vault XP
 C = Vault XP percentage of total XP
 D = Non-vault monster count
 E = Vault monster count
 F = Vault count percentage of total count
                 A         B        C        D         E       F
            +---------+---------+-------+---------+---------+-------
      Total |    6497 |    6519 |  50.1 |     166 |      43 |  20.6
            +---------+---------+-------+---------+---------+-------
        D:1 |      18 |       3 |  14.3 |      10 |       2 |  16.7
        D:2 |      67 |     258 |  79.4 |      18 |       2 |  10.0
        D:3 |     102 |       2 |   1.9 |      19 |       1 |   5.0
        D:4 |     321 |      39 |  10.8 |      27 |       2 |   6.9
        D:5 |     869 |     207 |  19.2 |      19 |       2 |   9.5
        D:6 |     874 |       0 |   0.0 |      19 |       0 |   0.0
        D:7 |     630 |    3118 |  83.2 |      26 |      19 |  42.2
        D:8 |    2144 |       0 |   0.0 |      18 |       0 |   0.0
        D:9 |    1472 |    2892 |  66.3 |      10 |      15 |  60.0
            +---------+---------+-------+---------+---------+-------
